 Dungeon Crawl Stone Soup version 0.14-a0-987-gc8002fa (webtiles) character file.

204 Inkie the Poker (level 4, -1/33 HPs)
             Began as a Merfolk Skald on Nov 21, 2013.
             Killed from afar by Crazy Yiuf (8 damage)
             ... with a wand of frost
             ... on Level 1 of the Dungeon.
             The game lasted 00:11:45 (2557 turns).

Inkie the Poker (Merfolk Skald)                     Turns: 2557, Time: 00:11:45

HP  -1/33        AC  3     Str 12      XL: 4   Next: 45%
MP   8/8         EV 13     Int 12      God:
Gold 120         SH  0     Dex 13      Spells:  1 memorised,  6 levels left

Res.Fire  : . . .   See Invis. : .   a - +0 spear
Res.Cold  : . . .   Warding    : .   b - +0 leather armour
Life Prot.: . . .   Conserve   : .   (no shield)
Res.Poison: .       Res.Corr.  : .   (no helmet)
Res.Elec. : .       Clarity    : .   (no cloak)
Sust.Abil.: + .     Spirit.Shd : .   (no gloves)
Res.Mut.  : .       Stasis     : .   (boots currently unavailable)
Res.Rott. : .       Flight     : .   (no amulet)
Saprovore : . . .                    (no ring)
                                     m - ring of sustain abilities {unknown}

@: very quick, slightly resistant to hostile enchantments, fairly stealthy
A: change form in water, swift swim
a: no special abilities


You were on level 1 of the Dungeon.
You were not hungry.

You visited 1 branch of the dungeon, and saw 3 of its levels.

You collected 120 gold pieces.

Inventory:

Hand weapons
 a - a +0,+0 spear (weapon)
Armour
 b - a +0 leather armour (worn)
 q - a +0 buckler
Magical devices
 l - a wand of slowing (10) {unknown}
Comestibles
 d - 4 bread rations
 g - 2 chokos
 u - 2 rotting chunks of worm flesh
Scrolls
 f - 2 scrolls of remove curse {unknown}
 i - a scroll of identify {unknown}
 k - 2 scrolls of fear {unknown}
 o - a scroll of fog {unknown}
 p - a scroll of enchant weapon II {unknown}
 t - a scroll of curse weapon {unknown}
Jewellery
 m - a ring of sustain abilities (left hand) {unknown}
 s - an uncursed ring of fire
Potions
 e - a potion of curing {unknown}
 h - a potion of heal wounds
 j - a potion of agility {unknown}
 n - a potion of confusion {unknown}
 r - a potion of resistance {unknown}
Books
 c - a book of Battle

   Spells                             Type                      Level
   *Infusion                          Charms                       1
   Shroud of Golubria                 Charms/Translocation         2
   Song of Slaying                    Charms                       2
   Spectral Weapon                    Hexes/Charms                 3
   Regeneration                       Charms/Necromancy            3


   Skills:
 - Level 2.1 Fighting
 + Level 6.6 Polearms
 - Level 0.6 Armour
 - Level 1.3 Dodging
 - Level 2.0 Spellcasting
 - Level 3.2 Charms


You had 6 spell levels left.
You knew the following spells:

 Your Spells              Type           Power        Failure   Level  Hunger
a - Infusion              Chrm           #.....       10%         1    ##.....


Dungeon Overview and Level Annotations

Branches:
Dungeon (3/16)

Altars:

Annotations:
D:1 Crazy Yiuf
D:2 Ijyb


Message History

Crazy Yiuf zaps a wand.
The puff of frost hits you!
Your legs become a tail as you enter the water.
Attack whom?
Press: ? - help, Dir - move target cursor, f - Crazy Yiuf
Aim: Crazy Yiuf, wielding a quarterstaff of chaos, wearing a glowing cloak and carrying a wand of frost {zapped: 4} You reach to attack!
You barely miss Crazy Yiuf.
Crazy Yiuf zaps a wand.
The puff of frost misses you.
Attack whom?
Press: ? - help, Dir - move target cursor, f/p - Crazy Yiuf
Aim: Crazy Yiuf, wielding a quarterstaff of chaos, wearing a glowing cloak and carrying a wand of frost {zapped: 5} You reach to attack!
You hit Crazy Yiuf but do no damage.
Crazy Yiuf zaps a wand.
The puff of frost hits you!
* * * LOW HITPOINT WARNING * * *
You are too injured to fight recklessly!
Attack whom?
Press: ? - help, Dir - move target cursor, f/p - Crazy Yiuf
Aim: Crazy Yiuf, wielding a quarterstaff of chaos, wearing a glowing cloak and carrying a wand of frost {zapped: 6} You reach to attack!
You hit Crazy Yiuf but do no damage.
Crazy Yiuf zaps a wand.
The puff of frost hits you!
You die...

++..(♣8♣...''.8♣###.# ####.####
##...≈♣≈...##.#≈# #.# #.......#
8#.........#8.#####.# #.##.##.#
##♣.......♣##.#≈≈##.#####.##.##.#
##♣≈.....≈♣##'##≈##...(..........
8##♣##'##♣##8.8#≈##..####.##.##.#
.###8#'#8###...#≈##..# #.....##.#
.'.........+...#≈.#.g# #........#
.##8##.##8##...#@.#..# #.########
8#≈♣≈#'#≈♣≈#8.(#≈.#..###.#####
###♣##'##♣######≈.g..........#
≈≈≈≈≈≈.≈≈≈≈≈≈≈≈≈≈.#####.####.#
#####..###.)....).# #.# #.#
..................# #.####.####
###.#######...###.#####.##.......
#.# #...###..........#.#### #.#
#.......#####.###...##


You could see Crazy Yiuf.

Vanquished Creatures
  3 adders
  A giant mite (D:1)
  2 worms
  A giant gecko (D:2)
  3 goblins (D:2)
  9 hobgoblins
  2 jackals (D:1)
  4 kobolds
  4 bats
  A giant cockroach (D:1)
  3 giant newts
  A giant newt zombie (D:1)
  A hobgoblin zombie (D:1)
  6 rats (D:1)
  A fungus (D:2)
42 creatures vanquished.

Notes
Turn   | Place    | Note
--------------------------------------------------------------
     0 | D:1      | Inkie, the Merfolk Skald, began the quest for the Orb.
     0 | D:1      | Reached XP level 1. HP: 15/15 MP: 3/3
   211 | D:1      | Reached skill level 4 in Polearms
   211 | D:1      | Reached XP level 2. HP: 15/21 MP: 5/5
  1043 | D:1      | Reached skill level 5 in Polearms
  1043 | D:1      | Reached XP level 3. HP: 16/26 MP: 6/6
  1797 | D:2      | Noticed Ijyb
  1814 | D:2      | Reached skill level 6 in Polearms
  1814 | D:2      | Reached XP level 4. HP: 15/33 MP: 2/8
  2528 | D:2      | Noticed Crazy Yiuf
  2557 | D:1      | Killed from afar by Crazy Yiuf

Action                   |  1- 3 |  4- 6 || total
-------------------------+-------+-------++-------
Melee: Spear             |   154 |    62 ||   216
 Cast: Infusion          |     2 |     1 ||     3
  Use: Potion            |       |     1 ||     1
 Stab: Sleeping          |     1 |       ||     1
